 Dungeon Crawl Stone Soup version 0.25-a0-71-ge910a4a285 (webtiles) character file.

Game seed: 16545133267783552270, levelgen mode: deterministic

232 Amnesiac the Digger (level 5, -6/35 HPs)
             Began as a Vampire Earth Elementalist on Nov 3, 2019.
             Killed by divine providence
             ... invoked by an orc priest
              (10 damage)
             ... on level 4 of the Dungeon.
             The game lasted 00:04:55 (2066 turns).

Amnesiac the Digger (Vampire Earth Elementalist)    Turns: 2066, Time: 00:04:56

Health: -6/35      AC:  3    Str:  7    XL:     5   Next: 73%
Magic:  6/9        EV: 17    Int: 18    God:
Gold:   126        SH:  0    Dex: 17    Spells: 2/10 levels left

rFire    . . .     SeeInvis +   a - +0 hunting sling
rCold    . . .     Gourm    .   (no shield)
rNeg     . . .     Faith    .   c - +0 robe
rPois    .         Spirit   .   (no helmet)
rElec    .         Reflect  .   j - +0 cloak (curse)
rCorr    .         Harm     .   (no gloves)
MR       .....                  (no boots)
Stlth    ++........             (no amulet)
HPRegen  0.31/turn              h - +4 ring of evasion
MPRegen  0.11/turn              p - +2 ring of dexterity

@: lethally poisoned (-6 -> -8), regenerating quickly
A: no food, fangs 3, see invisible, unbreathing
a: Exsanguinate


You were on level 4 of the Dungeon.
You were alive.

You visited 1 branch of the dungeon, and saw 4 of its levels.

You collected 126 gold pieces.

Inventory:

Hand Weapons
 a - a +0 hunting sling (weapon)
Missiles
 b - 28 stones (quivered)
Armour
 c - a +0 robe (worn)
 j - a cursed +0 cloak (worn)
 q - a +1 helmet
Jewellery
 h - a +4 ring of evasion (left hand)
 p - a +2 ring of dexterity (right hand)
Scrolls
 e - 2 scrolls of enchant armour {!r, unknown}
 f - 6 scrolls of identify {!r, unknown}
 g - 2 scrolls of fog {!r, unknown}
 k - a scroll of magic mapping {!r, unknown}
 m - a scroll of blinking {!r, unknown}
 o - 2 scrolls of remove curse {!r, unknown}
Potions
 d - a potion of lignification {!q, unknown}
 i - a potion of agility {!q, unknown}
 l - a potion of heal wounds {!q, unknown}
 n - 2 potions of brilliance {!q, unknown}


   Skills:
 - Level 2.1 Dodging
 - Level 3.0 Stealth
 - Level 3.0 Spellcasting
 - Level 1.1 Transmutations
 + Level 6.0 Earth Magic


You had 2 spell levels left.
You knew the following spells:

 Your Spells              Type           Power        Failure   Level  Hunger
a - Sandblast             Erth           ###...       1%          1    N/A
b - Passwall              Tmut/Erth      ###.....     5%          2    N/A
d - Lee's Rapid Deconstr  Erth           ###.......   36%         5    N/A

Your spell library contained the following spells:

 Spells                   Type           Power        Failure   Level  Hunger
 Stone Arrow              Conj/Erth      ##....       14%         3    N/A
 Petrify                  Tmut/Erth      ###.....     36%         4    N/A

Dungeon Overview and Level Annotations

Branches:
Dungeon (4/15)
 Temple: D:4-7

Altars:
Kikubaaqudgha
Ru


Innate Abilities, Weirdness & Mutations

You do not eat.
Your natural rate of healing is unusually fast.
You have razor-sharp teeth.
You have supernaturally acute eyesight. (SInv)
You can survive without breathing.


Message History

Firing (i - inventory)
b - 34 stones (quivered)
Press: ? - help, Shift-Dir - straight line, f/p - worker ant
Aim: a worker ant (severely wounded)
You shoot a stone.
The stone hits the worker ant but does no damage.
The worker ant is severely wounded.
The worker ant closely misses you. The worker ant misses you.
Firing (i - inventory)
b - 33 stones (quivered)
Press: ? - help, Shift-Dir - straight line, f/p - worker ant
Aim: a worker ant (severely wounded)
You shoot a stone. The stone barely misses the worker ant.
The stone hits the orc.
You kill the orc!
Training target 3.0 for Spellcasting reached!
Your Spellcasting skill increases to level 3!
You need to enable at least one skill for training.
The worker ant misses you.
Firing (i - inventory)
b - 32 stones (quivered)
Press: ? - help, Shift-Dir - straight line, f/p - worker ant
Aim: a worker ant (severely wounded)
You shoot a stone.
The stone hits the worker ant but does no damage.
The worker ant is severely wounded.
The worker ant bites you.
* * * LOW HITPOINT WARNING * * *
An orc comes into view. It is wielding a +0 mace.
The worker ant closely misses you.
Casting: Sandblast (safe; 1% risk of failure)
Confirm with . or Enter, or press ? or * to list all spells.
Aiming: Sandblast (safe; 1% risk of failure)
Press: ? - help, Shift-Dir - straight line, f/p - worker ant
Aim: a worker ant (heavily wounded)
The blast of sand misses the worker ant.
b - 30 stones The worker ant bites you.
* * * LOW HITPOINT WARNING * * *
You are poisoned.
The worker ant poisons you! The worker ant barely misses you.
Unknown command.
Casting: Sandblast (safe; 1% risk of failure)
Confirm with . or Enter, or press ? or * to list all spells.
Aiming: Sandblast (safe; 1% risk of failure)
Press: ? - help, Shift-Dir - straight line, f/p - worker ant
Aim: a worker ant (heavily wounded)
The blast of sand misses the worker ant.
b - 29 stones You feel sick.
The worker ant bites you.
* * * LOW HITPOINT WARNING * * *
Unknown command.
You feel sick.
Casting: Sandblast (safe; 1% risk of failure)
Confirm with . or Enter, or press ? or * to list all spells.
Aiming: Sandblast (safe; 1% risk of failure)
Press: ? - help, Shift-Dir - straight line, f/p - worker ant
Aim: a worker ant (heavily wounded)
The blast of sand hits the worker ant but does no damage.
The worker ant is heavily wounded.
b - 28 stones You feel sick.
The worker ant bites you.
* * * LOW HITPOINT WARNING * * *
The orc priest invokes the aid of Beogh against you.
Beogh smites you!
You die...

.# #.# ## #########.#
#.# #..(o(((o(# #.#
#o######### #.# #o#
###.####### #o#
#...<...... #.#
#.#########
#o#########.####
#ooa@..........#
######.#######.######
#.# ### #.......
#.#######.#####.
#...'_'...# #
#.###+###.# #.# #.#
#.## #.###.###..#
#..........####


You could see a worker ant, an orc priest and 2 orcs.

Vanquished Creatures
  A hound (D:4)
  2 worker ants (D:4)
  4 gnolls
  A howler monkey skeleton (D:4)
  3 adders (D:2)
  A worm (D:2)
  3 dart slugs
  A leopard gecko (D:2)
  3 orcs (D:4)
  2 ball pythons
  5 giant cockroaches
  5 hobgoblins
  8 jackals
  3 kobolds
  A quokka (D:4)
  8 bats
  4 frilled lizards
  6 goblins
  9 rats
70 creatures vanquished.

Notes
Turn   | Place    | Note
-------+----------+-------------------------------------------
     0 | D:1      | Amnesiac the Vampire Earth Elementalist began the quest for
                  | the Orb.
     0 | D:1      | Reached XP level 1. HP: 13/13 MP: 3/3
   190 | D:1      | Reached XP level 2. HP: 19/19 MP: 5/5
   202 | D:1      | Learned a level 2 spell: Passwall
   268 | D:1      | Reached skill level 4 in Earth Magic
   290 | D:1      | Reached XP level 3. HP: 21/24 MP: 6/6
   979 | D:2      | Reached skill level 5 in Earth Magic
   979 | D:2      | Reached XP level 4. HP: 28/30 MP: 4/7
  1690 | D:3      | Found a sacrificial altar of Ru.
  1720 | D:4      | Found an ancient bone altar of Kikubaaqudgha.
  1788 | D:4      | Reached XP level 5. HP: 23/35 MP: 8/8
  1795 | D:4      | Learned a level 5 spell: Lee's Rapid Deconstruction
  1905 | D:4      | Reached skill level 6 in Earth Magic
  2066 | D:4      | Killed from afar by an orc priest

Levels and vault maps discovered:
D:1:      lightli_molten_gateway, layout_loops_ring
D:2:      minmay_inner_zag, layout_basic, first_ration,
          kennysheep_generic_room_8, uniq_jessica
D:3:      lemuel_castle_with_subvaults [lemuel_castle_interior_carwin_2],
          layout_rooms, nicolae_ru_sacrificial_ziggurat
D:4:      layout_loops_ring, lemuel_doored_altar, portal_sewer_entry_b

Skill      XL: |  1  2  3  4  5 |
---------------+----------------+-----
Earth Magic    | 4 5 6 |  6.0
Spellcasting   | 3 |  3.0
Dodging        | |  2.1
Stealth        | |  3.0
Transmutations | |  1.1

Action                   |  1- 3 |  4- 6 || total
-------------------------+-------+-------++-------
 Fire: Hunting sling     |   136 |   207 ||   343
 Cast: Sandblast         |     8 |    14 ||    22
       Passwall          |       |     4 ||     4
Armor: Robe              |     7 |    19 ||    26
Dodge: Dodged            |    44 |   135 ||   179

Table legend:
 A = Non-vault XP
 B = Vault XP
 C = Vault XP percentage of total XP
 D = Non-vault monster count
 E = Vault monster count
 F = Vault count percentage of total count
                 A         B        C        D         E       F
            +---------+---------+-------+---------+---------+-------
      Total |     332 |       0 |   0.0 |      70 |       0 |   0.0
            +---------+---------+-------+---------+---------+-------
        D:1 |      66 |       0 |   0.0 |      30 |       0 |   0.0
        D:2 |     110 |       0 |   0.0 |      23 |       0 |   0.0
        D:3 |      15 |       0 |   0.0 |       7 |       0 |   0.0
        D:4 |     141 |       0 |   0.0 |      10 |       0 |   0.0
            +---------+---------+-------+---------+---------+-------
